AoeStats
← :)

Arena

509951746Analyzed
4v4 RM · 5d ago on Sep 28, 2026· 31m 48s· 8 players
Game mode
Random Map
Map size
Large (8 player)
Population
200
Speed
Normal
Resources
Standard
Victory
Conquest
Starting age
Dark Age
Ending age
Imperial Age
RankedLock teamsTeams togetherTeam positionsShared explorationLock speedFull tech treeHidden civsTurbo modeCheats
Victory
Defeat
🇦🇷 Aztecs · Argentina
1332
+14
🇦🇷 Khmer · Argentina
1306
+16
🇨🇴 Poles · Colombia
1262
+17
1235
+19
🇩🇪 Vikings · Germany
1304
-17
🇪🇸 Goths · Spain
1304
-17
🇪🇸 Dravidians · Spain
1294
-16
🇪🇸 Franks · Spain
1277
-16
LVrasta47
12:05 Feudal Age
16:08 Castle Age
14:13 Gold Mining
14:10 Double-Bit Axe
15:12 Scale Barding Armor
16:43 Forging
20:21 Chain Barding Armor
22:40 Iron Casting
24:35 Bow Saw
Tronald Dump
9:56 Feudal Age
14:31 Castle Age
12:43 Double-Bit Axe
13:18 Horse Collar
14:38 Scale Mail Armor
14:28 Arson
15:40 Squires
16:06 Bow Saw
19:13 Loom
21:17 Chain Mail Armor
21:01 Man-at-Arms
21:37 Long Swordsman
perpimarc
11:20 Feudal Age
19:52 Castle Age
19:35 Double-Bit Axe
19:35 Horse Collar
20:22 Loom
JANO11
11:14 Feudal Age
14:59 Castle Age
12:49 Double-Bit Axe
12:46 Horse Collar
16:00 Bow Saw
16:55 Gold Mining
19:06 Wheelbarrow
21:19 Stone Mining
22:38 Hand Cart
22:54 Scale Barding Armor
23:01 Forging
22:40 Town Watch
23:19 Pikeman
24:02 Scale Mail Armor
24:42 Heavy Plow
24:58 Bloodlines
24:45 Light Cavalry
26:37 Chain Barding Armor
32:12 Iron Casting
31:53 Chain Mail Armor
[IMGG]Poncho
6:00 Loom
8:52 Feudal Age
10:30 Fletching
12:54 Horse Collar
20:45 Stone Mining
20:46 Gold Mining
22:24 Scale Mail Armor
24:44 Castle Age
24:56 Castle Age
23:47 Forging
25:59 Double-Bit Axe
26:15 Heavy Plow
30:40 Szlachta Privileges
31:22 Scale Barding Armor
34:11 Imperial Age
32:19 Husbandry
LRNI_PanBailarin
5:27 Loom
8:05 Loom
10:18 Feudal Age
14:35 Castle Age
13:10 Double-Bit Axe
13:42 Horse Collar
14:55 Gold Mining
16:59 Fervor
18:07 Sanctity
19:39 Redemption
21:33 Bow Saw
21:25 Heavy Plow
22:57 Devotion
27:08 Eagle Warrior
34:10 Imperial Age
Ricardo Corazon de León
7:33 Loom
11:01 Feudal Age
9:18 Loom
11:04 Feudal Age
12:40 Double-Bit Axe
15:51 Castle Age
14:51 Horse Collar
18:24 Bow Saw
18:28 Gold Mining
20:43 Forging
22:12 Scale Mail Armor
21:58 Pikeman
23:30 Chain Mail Armor
24:16 Scale Barding Armor
25:27 Squires
25:58 Gambesons
26:35 Chain Barding Armor
26:27 Bloodlines
30:36 Iron Casting
:)
11:50 Feudal Age
14:55 Castle Age
13:25 Double-Bit Axe
13:21 Horse Collar
15:55 Bow Saw
15:46 Heavy Plow
17:16 Wheelbarrow
20:58 Bloodlines
21:04 Scale Barding Armor
22:15 Husbandry
23:32 Fletching
29:19 Gold Mining
29:47 Hand Cart
29:18 Loom
29:18 Town Watch
31:01 Chain Barding Armor
30:52 Forging
Connection lost

Rejoining the realm…

Still unreachable

The connection could not be restored.

Session expired

The server has moved on; the page needs a fresh start.